[Event "88th Tata Steel Masters 2026"]
[White "Nguyen,Thai Dai Van"]
[Black "Erigaisi Arjun"]
[Site "Wijk aan Zee"]
[Round "2.5"]
[Annotator "TA"]
[Result "1/2-1/2"]
[Date "2026.01.18"]
[WhiteElo "2656"]
[BlackElo "2775"]
[PlyCount "112"]
[TimeControl "60"]

1. d4 Nf6 2. c4 e6 3. Nf3 d5 4. Nc3 dxc4 5. e4 Bb4 6. Bxc4 {[%emt 0:0:0] D24: Queen's Gambit Accepted: 3 Nf3 Nf6 4 Nc3.} Nxe4 7. O-O Nf6 (7... Nxc3 {simplifies} 8. bxc3 Be7 9. Qd3 c5 )8. Qa4+ Nc6 9. Ne5 {[%emt 0:0:0] White sacrificed a pawn} a5 {[%emt 0:0:0][%cal Yc8d7] 9...Bd6 is the modern continuation.} 10. Nxc6 bxc6 11. Qxc6+ Bd7 12. Qf3 O-O 13. Bf4 Rb8 14. Be5 Bd6 15. b3 Rb6 16. Rad1 Bc6 17. Qg3 Nh5 18. Qg4 $146 ({Predecessor:} 18. Qe3 Nf6 19. Rfe1 Nd5 20. Qg3 f6 21. Bxd6 Qxd6 22. Qxd6 cxd6 23. Na4 Bxa4 24. bxa4 Rb4 25. Bb3 Kf7 26. Rc1 {½-½ Zhai,M (2371)-Song,Y (2311) CHN-ch (Women) 2022 (3)} )Nf6 19. Qg3 Nh5 20. Qg4 Nf6 21. Qh3 Bxe5 22. dxe5 Nd7 $1 23. Qg3 Qe7 24. Rfe1 Qc5 25. h4 Rbb8 26. h5 h6 27. Rd3 Nb6 28. Qg4 {[%emt 0:3:8] [#] Rg3 would now be deadly.} Kh8 29. Rg3 Rg8 30. Bf1 Nc8 ({Black should play} 30... Rbd8 $11 )31. Qc4 Qxc4 32. Bxc4 Rd8 33. Rc1 Ne7 34. Rd3 Rxd3 35. Bxd3 Kg8 36. f4 Rb4 37. Ne2 Kf8 38. Kf2 Ke8 39. g3 Kd7 40. Nc3 Kc8 41. Ba6+ Kb8 42. Bc4 Ka7 43. Rd1 Rb8 44. Be2 Nd5 45. Rc1 Nxc3 46. Rxc3 $11 {[%emt 0:0:2][%mdl 4096] Endgame KRB-KRB} Kb6 47. Ke3 {[%emt 0:2:48] The position is equal.} Bd5 48. g4 c5 49. f5 Kc6 50. Kf4 exf5 51. gxf5 a4 52. Bc4 Bxc4 53. bxc4 Rb2 54. Ra3 Rb4 55. Rc3 Rb2 56. Ra3 Rb4 {[%emt 0:0:5] Weighted Error Value: White=0.09 (flawless) /Black=0.06 (flawless)   Mistake:       	---       	Black=1      Inaccurate:     	White=4     	Black=2      OK:         	White=6     	Black=13     Best:        	---       	Black=2      Strong:       	---       	Black=1} 1/2-1/2

[Event "88th Tata Steel Masters 2026"]
[White "Fedoseev,Vladimir"]
[Black "Keymer,Vincent"]
[Site "Wijk aan Zee"]
[Round "2.6"]
[Annotator "TA"]
[Result "1-0"]
[Date "2026.01.18"]
[WhiteElo "2705"]
[BlackElo "2776"]
[PlyCount "87"]
[TimeControl "60"]

1. d4 Nf6 2. c4 e6 3. Nc3 Bb4 4. Qc2 O-O 5. Nf3 c5 6. dxc5 Na6 7. g3 Nxc5 8. Bg2 Nce4 9. Bd2 Nxd2 10. Nxd2 a6 11. O-O {[%emt 0:0:0] E39: Nimzo-Indian: Classical: 4...c5 5 dxc5 0-0.} Rb8 12. Nde4 Ne8 $146 ({Predecessor:} 12... Nxe4 13. Nxe4 Be7 14. Rfd1 Qc7 15. Qd2 d6 16. Qf4 Rd8 17. Rac1 b6 18. b4 Bb7 {½-½ Finegold,B (2539)-Hoekstra,M (2302) World op 31st 2003 (2)} )13. c5 {[%emt 0:11:33] The position is equal.} Qc7 14. Rac1 f5 15. Qb3 Ba5 16. Nd2 {[%emt 0:12:13][%cal Ye4d2,Yd2c4,Yc4b6,Yb6d5][%mdl 32] White is more active.} b6 (16... b5 $14 )17. Nd5 $16 exd5 18. Qxd5+ Rf7 19. cxb6 Qxb6 {[%emt 0:0:31][%cal Ye8f6] [#] ...Nf6! is the strong threat.} 20. Nc4 Bb7 21. Nxb6 ({Of course not} 21. Qxa5 $6 Qxa5 22. Nxa5 Bxg2 23. Kxg2 Rxb2 $15 )Bxd5 22. Nxd5 Rxb2 23. Rc5 $36 {[%emt 0:7:41][%mdl 2048] White is on the roll.} Rb5 (23... Bd2 $16 {keeps fighting.} 24. Rc8 Rf8 )24. Rfc1 {[%emt 0:2:58] White plays on the queen side and is better} (24. Rc8 $18 Rf8 25. Ra8 )Nd6 25. e3 Bd8 26. Rxb5 {[%emt 0:1:45][%csl Yd5] Strong Square White (d5)} axb5 27. Bf1 g5 28. Rc5 b4 29. Bc4 Kg7 30. Bb3 Rf8 31. Nxb4 f4 32. Rd5 Be7 33. exf4 gxf4 34. Rd4 fxg3 35. hxg3 h5 36. Nd3 Kh6 37. Ne5 h4 38. g4 Kg5 39. Rd5 {[%emt 0:1:25] [#] and Nc6+ should not be overlooked} Kh6 40. Nd3 h3 41. f4 Kg7 42. Kh2 Rh8 43. Ne5 Rh4 44. Rd3 {[%emt 0:1:23] Weighted Error Value: White=0.07 (flawless) /Black=0.17 (very precise)   Missed win:     	White=1     	---        Mistake:       	White=1     	Black=2      OK:         	White=6     	---        Best:        	---       	Black=1} (44. Nxd7 $2 Rxg4 45. Re5 (45. Kxh3 Rxf4 46. Kg3 Rf7 $14 )Bh4 $16 )1-0

[Event "88th Tata Steel Masters 2026"]
[White "Erdogmus,Yagiz Kaan"]
[Black "Aravindh,Chithambaram VR."]
[Site "Wijk aan Zee"]
[Round "2.7"]
[Annotator "TA"]
[Result "1/2-1/2"]
[Date "2026.01.18"]
[WhiteElo "2658"]
[BlackElo "2700"]
[PlyCount "91"]
[TimeControl "60"]

1. e4 c5 2. Nf3 d6 3. d4 cxd4 4. Nxd4 Nf6 5. Nc3 Nbd7 6. g4 {[%emt 0:0:0] B56: Classical Sicilian: Unusual Lines.} h6 7. h4 a6 8. Rg1 {[%emt 0:10:59] White is slightly better.} Nc5 9. Qe2 $146 ({Predecessor:} 9. f3 e5 10. Nf5 d5 11. g5 hxg5 12. hxg5 g6 13. Ne3 d4 14. gxf6 dxc3 15. Qxd8+ Kxd8 {½-½ Wanders,M-Fischer,S CT King 22551 2020} )g6 10. g5 hxg5 11. hxg5 Nfd7 12. Be3 b5 13. O-O-O Bb7 14. Bg2 Rc8 15. f4 Rh2 16. Rh1 Rxh1 17. Rxh1 {[%emt 0:5:28] A sharp opening} b4 18. Nd5 e6 19. Nxb4 (19. Kb1 {looks sharper.} Bg7 20. Nxb4 Nxe4 21. Rh7 )Qb6 20. c3 {[%emt 0:4:45] White is more active.} ({Better is} 20. Nd3 $14 )Nxe4 $11 21. Ndc2 Nec5 22. Nd5 Qa5 23. Bxc5 Bxd5 24. Bxd5 Nxc5 (24... Qxc5 $14 25. Bb7 (25. Qxa6 exd5 26. Re1+ Kd8 $17 )Rb8 26. Qxa6 (26. Bxa6 Bg7 $16 )Bg7 )25. b4 $2 {[%emt 0:3:18] [#]} (25. Rh8 $18 )Nd3+ {[%emt 0:4:56] The position is equal.} 26. Qxd3 Qxd5 27. Qxd5 (27. Qxa6 $2 {loses.} Qxh1+ 28. Kb2 Qc6 29. Qxc6+ Rxc6 $19 )exd5 {[%emt 0:0:35][%mdl 4096] Endgame KRB-KRN} 28. Kb2 Bg7 29. Rh3 Rc4 30. Rf3 Kd7 31. Kb3 Kc6 32. a4 Re4 33. Rd3 Rxf4 34. b5+ axb5 35. Nb4+ Kb7 36. axb5 Rf5 37. Rxd5 Be5 38. Nc6 Rxg5 39. Nd8+ Kb6 40. Nxf7 Rf5 41. Nxe5 Rxe5 42. Rxd6+ Kxb5 43. Rxg6 Re4 44. Kc2 Rh4 45. Kb3 Rb4+ 46. cxb4 {[%emt 0:0:2] Weighted Error Value: White=0.11 (very precise) /Black=0.09 (flawless)   Mistake:       	White=2     	Black=1      Inaccurate:     	---       	Black=2      OK:         	White=5     	Black=5      Best:        	---       	Black=1} 1/2-1/2

[Event "88th Tata Steel Masters 2026"]
[White "Praggnanandhaa R"]
[Black "Nguyen,Thai Dai Van"]
[Site "Wijk aan Zee"]
[Round "3.1"]
[Annotator "TA"]
[Result "1/2-1/2"]
[Date "2026.01.19"]
[WhiteElo "2758"]
[BlackElo "2656"]
[PlyCount "149"]
[TimeControl "60"]

1. Nf3 Nf6 2. g3 c5 3. Bg2 Nc6 4. c4 d5 5. cxd5 Nxd5 6. Nc3 Nc7 7. a3 g6 {[%emt 0:0:0] 7...e6 is setting a new trend.} 8. d3 Bg7 {[%emt 0:0:0] A34: Symmetrical English: 2 Nc3, lines with ...d5.} 9. Be3 b6 10. h4 h5 11. Rc1 Bb7 12. Ng5 Qd7 13. O-O Nd8 14. Bxb7 $146 ({Predecessor:} 14. Bh3 f5 15. Bd2 Nce6 16. e4 Nxg5 17. Bxg5 Nf7 18. Bf4 e5 19. Be3 O-O 20. b4 cxb4 21. axb4 Nd6 22. Bg5 Kh7 23. exf5 Nxf5 24. Ne4 Rf7 25. Ra1 {½-½ Schmidt,H-Vogl,M Team-ch L17K1-R(1-3) 2019} )Nxb7 15. Nge4 Ne6 16. b4 Rc8 {[%emt 0:3:2] White must now prevent ...cxb4.} 17. Qa4 cxb4 18. Nb5 ({But not} 18. axb4 $6 f5 19. Qxa7 (19. Qxd7+ $2 Kxd7 20. Ra1 Ra8 $19 )fxe4 (19... O-O $2 20. Na4 $16 )20. Nxe4 Rxc1 21. Rxc1 b5 $15 )O-O 19. Qxb4 Nbc5 20. Nxc5 bxc5 21. Qc4 Nd4 22. Nc3 Qg4 23. Kg2 Bf6 24. f3 Qd7 25. Qd5 Rfd8 26. Qxd7 Rxd7 27. Kf2 Nb3 28. Rb1 c4 29. Ne4 Bd4 30. dxc4 Bxe3+ 31. Kxe3 Na5 32. c5 Nc4+ 33. Kf2 $1 Nxa3 34. Rb4 Nc2 35. Rb2 Nd4 36. Rd1 {[%emt 0:0:56] [#] And now e3 would win.} Rdd8 37. Rb7 Kf8 38. Rxa7 Ne6 39. Rxd8+ Rxd8 $14 {[%emt 0:0:31][%mdl 4096] Endgame KRN-KRN. White is a pawn up.} 40. Ra5 Rc8 41. g4 hxg4 42. fxg4 f5 (42... f6 $14 )43. gxf5 $16 gxf5 44. Ng3 (44. Ng5 $16 Nxg5 (44... Nxc5 $2 {too greedy.} 45. Rxc5 Rb8 46. Rxf5+ Ke8 47. h5 $18 )45. hxg5 )Rxc5 $11 45. Rxc5 Nxc5 46. Nxf5 {[%emt 0:0:8] KN-KN. White is a pawn up.} Kf7 47. Kf3 Kf6 48. Kf4 Ne6+ 49. Kg4 Nc7 50. Ne3 (50. Ng3 $16 )e6 (50... Nb5 $11 )51. Kf4 (51. Kh5 $14 )Nb5 {[%emt 0:0:29] The position is equal.} 52. Nf1 Nc3 53. Ng3 Nd5+ 54. Kf3 Kg6 55. Ke4 Nc3+ 56. Kf4 Kh6 57. e4 Nd1 58. Kf3 Nc3 59. Kf4 Nd1 60. Kg4 Nf2+ 61. Kf3 Nd3 62. Ne2 e5 63. Ng3 Kg6 64. Ke3 Nc5 65. Kf3 Nd7 66. Kg4 Nf6+ 67. Kh3 Kh6 68. Kg2 Kg6 69. Kf2 Kh6 70. Ke3 Kg6 71. Kd3 Kh6 72. Kc4 (72. Kc2 $5 )Nxe4 73. Nxe4 Kh5 74. Kd5 Kxh4 75. Kxe5 {[%emt 0:0:2] Weighted Error Value: White=0.10 (very precise) /Black=0.10 (very precise)   Mistake:       	White=3     	Black=2      Inaccurate:     	White=2     	Black=4      OK:         	White=12    	Black=6      Best:        	---       	Black=1      Strong:       	White=1     	---} 1/2-1/2

[Event "88th Tata Steel Masters 2026"]
[White "Erigaisi Arjun"]
[Black "Gukesh D"]
[Site "Wijk aan Zee"]
[Round "3.2"]
[Annotator "TA"]
[Result "1/2-1/2"]
[Date "2026.01.19"]
[WhiteElo "2775"]
[BlackElo "2754"]
[PlyCount "67"]
[TimeControl "60"]

1. d4 d5 2. c4 dxc4 3. e4 e5 4. Nf3 Bb4+ 5. Nc3 Nf6 6. Nxe5 {[%emt 0:0:0] D20: Queen's Gambit Accepted: 3 e3 and 3 e4.} b5 {[%emt 0:0:0] Dodges Qa4} 7. f3 a6 8. Bf4 $146 {[%emt 0:0:0] White is slightly better.} ({Predecessor:} 8. a4 Bb7 9. Be2 Nfd7 10. Ng4 Nc6 11. Be3 Na5 12. Qc2 O-O 13. axb5 axb5 14. O-O {½-½ Novikov,I (2485)-Dlugy,M (2514) USA-ch Seniors 2025 (7)} )O-O 9. Be2 Qe7 10. a4 c6 11. O-O Bb7 $1 12. Qc1 Nbd7 {[%emt 0:8:24] The position is equal.} 13. Nxd7 Nxd7 14. g4 Rfd8 15. Rd1 Nf8 16. Bg5 f6 17. Be3 Ne6 18. axb5 cxb5 19. Bf1 Qd7 20. Qc2 Bd6 21. Qf2 Qc7 22. Rac1 Qb8 23. Ne2 Nf4 24. Nxf4 Bxf4 25. d5 Bd6 26. Bc5 a5 27. Bxd6 Qxd6 28. f4 a4 29. Rc3 Re8 30. Bg2 Rac8 31. Ra3 Ra8 32. Rc3 Rac8 33. Ra3 Ra8 34. Rc3 {[%emt 0:1:5] Weighted Error Value: White=0.05 (flawless) /Black=0.03 (flawless)   Inaccurate:     	White=1     	---        OK:         	White=15    	Black=11     Strong:       	---       	Black=1} 1/2-1/2

[Event "88th Tata Steel Masters 2026"]
[White "Keymer,Vincent"]
[Black "Bluebaum,Matthias"]
[Site "Wijk aan Zee"]
[Round "3.3"]
[Annotator "TA"]
[Result "0-1"]
[Date "2026.01.19"]
[WhiteElo "2776"]
[BlackElo "2679"]
[PlyCount "66"]
[TimeControl "60"]

1. c4 e6 2. d4 d5 3. Nc3 Nf6 4. cxd5 exd5 5. Bg5 Be7 6. e3 h6 7. Bh4 O-O 8. Bd3 Re8 9. Nf3 {[%emt 0:0:0] D35: Queen's Gambit Declined: Exchange Variation.} c6 10. Bg3 {[%emt 0:0:0] is now more promising than 10.0-0.} Bg4 11. Qb3 {[%emt 0:2:30] The position is equal.} Qb6 12. Ne5 Be6 $146 ({Predecessor:} 12... Qxb3 13. axb3 Be6 14. h3 g6 15. Bf4 Kg7 16. g4 Nbd7 17. Ke2 a6 18. Rhg1 Rad8 {0-1 Esipenko,A (2691)-Gharibyan,M (2473) Titled Tuesday intern op 18th Mar Early blitz 2025 (9)} )13. f4 Ng4 14. f5 Nxe5 {[%emt 0:0:58] A sharp opening} 15. Bxe5 Bc8 16. Bf4 Nd7 17. h3 Bh4+ 18. Kd2 Qd8 {[%emt 0:1:23] Black continues to play with concentration.} 19. g3 Be7 20. Rac1 Nb6 21. g4 c5 22. dxc5 Bxc5 23. Kc2 (23. Rhe1 $17 )Bxe3 $19 24. Bxe3 Rxe3 25. Rce1 Rxe1 26. Rxe1 {[%emt 0:0:31] [#]} Bd7 $1 {[%emt 0:4:2] And now ...d4 would win.} 27. Qb4 Qh4 28. Re3 (28. Rd1 $142 )Qf2+ 29. Re2 Qg1 30. Re7 $2 {[%emt 0:6:2] [#]} (30. Rd2 {is a better defense.} )Rc8 31. Kd2 (31. Bb5 $142 Bxb5 32. Qxb5 Qg2+ 33. Kb3 Qxh3 34. Re8+ Rxe8 35. Qxe8+ Kh7 36. Qxf7 Qxg4 37. Qe6 )Nc4+ {[%emt 0:3:21] Black is clearly winning.} 32. Bxc4 Rxc4 33. Qxb7 (33. Ne2 $142 Qb1 34. Nc3 )Ba4 {[%emt 0:0:51] Weighted Error Value: White=0.58/Black=0.01 (flawless)   Missed win:     	---       	Black=1      Mistake:       	White=5     	---        Inaccurate:     	White=3     	Black=1      OK:         	White=3     	Black=5      Strong:       	---       	Black=1} 0-1

[Event "88th Tata Steel Masters 2026"]
[White "Van Foreest,Jorden"]
[Black "Giri,Anish"]
[Site "Wijk aan Zee"]
[Round "3.4"]
[Annotator "TA"]
[Result "1-0"]
[Date "2026.01.19"]
[WhiteElo "2703"]
[BlackElo "2760"]
[PlyCount "127"]
[TimeControl "60"]

1. e4 c5 2. Nf3 d6 3. d4 cxd4 4. Nxd4 Nf6 5. Nc3 a6 6. Be3 e5 7. Nb3 Be7 8. f3 Be6 9. Qd2 h5 10. O-O-O Nbd7 11. Kb1 Qc7 {[%emt 0:0:0] B90: Sicilian Najdorf: Unusual White 6th moves, 6 Be3 Ng4 and 6 Be3 e5.} 12. a3 Rc8 13. Nc1 O-O {[%emt 0:8:4] The position is equal.} 14. N1a2 b5 15. Nb4 Qb7 16. Ncd5 {[%emt 0:1:49] Repels Nb6} Nxd5 17. exd5 $146 {[%emt 0:0:39][%cal Yf1d3] And now Bd3! would win.} ({Predecessor:} 17. Nxd5 Bd8 18. Qb4 Qc6 19. Rd2 Nf6 20. Nxf6+ {½-½ Willow,M (2278)-Sherwood,R (2310) WLS-NSW email 2015 [2]} )Bf5 18. Rg1 Nb8 19. g4 hxg4 20. fxg4 Bg6 21. Bd3 (21. h4 $5 )Bxd3 $1 22. Qxd3 a5 23. Na2 b4 24. a4 (24. axb4 $14 axb4 25. g5 )Qa6 25. Qxa6 Nxa6 26. Nc1 Bd8 27. Nb3 Nb8 28. Nd2 Nd7 29. Ne4 Be7 30. g5 f5 31. gxf6 Nxf6 32. Ng5 Ne8 33. Ne6 Rf3 34. Bb6 Ra8 35. Rd3 Rxd3 36. cxd3 Ra6 37. Be3 Ra8 (37... b3 $14 )38. Ka2 Kf7 39. Kb3 Rb8 40. Rg2 Bf6 {[%emt 0:0:0] [#]} ({Black should play} 40... Rb7 )41. Rf2 $1 $16 Kg6 {[%emt 0:25:33] [#]} 42. Rf3 {[%emt 0:2:15] White has more active pieces.} (42. Nf8+ $142 $1 Kh5 43. Nd7 )Rb7 43. Rh3 Be7 44. Kc4 Bf6 45. Rh8 Nc7 (45... Rb8 $16 46. Nc7 Rc8 )46. Nxc7 (46. Rc8 $18 Nxe6 47. dxe6 )Rxc7+ $18 {[%emt 0:0:2][%mdl 4096] Endgame KRB-KRB} 47. Kb3 e4 (47... Kf5 $16 )48. dxe4 Re7 (48... Rb7 $142 49. Bf2 Re7 )49. Bb6 Rxe4 50. Bxa5 Re2 51. Bxb4 ({Weaker is} 51. Kxb4 Rxb2+ 52. Ka3 Kf5 $16 )Rxb2+ 52. Kc4 Be5 53. a5 Bxh2 (53... Ra2 {is a better defense.} 54. h3 Kf5 )54. Bc3 Ra2 55. Kb3 Rg2 (55... Re2 56. Bd4 Be5 57. Bxe5 Rxe5 )56. a6 Bg1 57. Rd8 Kf5 58. Rxd6 Ke4 59. Kc4 g5 60. Re6+ Kf3 61. d6 Rg4+ 62. Kd5 Ba7 63. d7 Rg1 64. Re1 {[%emt 0:0:5] Weighted Error Value: White=0.09 (flawless) /Black=0.49   Mistake:       	White=3     	Black=7      Inaccurate:     	White=2     	Black=4      OK:         	White=10    	Black=3      Best:        	White=1     	---        Strong:       	White=1     	Black=1} 1-0

[Event "88th Tata Steel Masters 2026"]
[White "Aravindh,Chithambaram VR."]
[Black "Abdusattorov,Nodirbek"]
[Site "Wijk aan Zee"]
[Round "3.5"]
[Annotator "TA"]
[Result "1/2-1/2"]
[Date "2026.01.19"]
[WhiteElo "2700"]
[BlackElo "2751"]
[PlyCount "83"]
[TimeControl "60"]

1. e4 e5 2. Nf3 Nc6 3. Nc3 Nf6 4. Nd5 Bc5 5. Bc4 O-O 6. d3 {[%emt 0:0:0] C55: Two Knights: 4 d3, 4 d4 exd4 5 e5 and Max Lange Attack.} Nxd5 7. Bxd5 d6 8. c3 a5 9. O-O Qe8 $146 ({Predecessor:} 9... Qf6 10. a4 Ra6 11. Rb1 Qg6 12. Nh4 Qg4 13. Qxg4 Bxg4 14. h3 Be6 15. Nf5 Re8 {½-½ Holtorf,P-Jung,R DESC D0607 email 2010} )10. h3 Bb6 11. Re1 Be6 12. Bxe6 Qxe6 13. Be3 Bxe3 14. Rxe3 a4 15. d4 {[%emt 0:1:39] [#] and d5 should not be overlooked} Qc4 16. dxe5 Nxe5 17. Nd4 Rfe8 18. Qe2 Ra5 19. f4 Qxe2 20. Rxe2 Nd3 21. g3 Ra6 22. Rd1 Nc5 23. e5 Kf8 24. Nb5 Rc6 25. Rd5 Nd7 26. Rdd2 Rc5 27. Na3 d5 28. Nc2 Nb6 29. Rd3 Ra5 30. Kf2 c6 31. Nd4 Nd7 32. Kf3 Nc5 33. Rd1 Raa8 34. Nf5 ({White should try} 34. g4 $14 )f6 35. exf6 gxf6 36. Rxe8+ Rxe8 $11 {[%emt 0:0:36][%mdl 4096] Endgame KRN-KRN} 37. g4 a3 38. b3 (38. bxa3 Ra8 39. Nd6 Ke7 (39... Rxa3 40. Re1 $11 )40. Nf5+ Kf7 $17 )Ne4 39. Rd3 {[%emt 0:0:50] The position is equal.} Nc5 40. Rd1 Ne4 41. Rd3 Nc5 42. Rd1 {[%emt 0:3:21] Weighted Error Value: White=0.07 (flawless) /Black=0.07 (flawless)   Mistake:       	White=1     	---        Inaccurate:     	White=2     	Black=4      OK:         	White=13    	Black=12     Best:        	---       	Black=1} 1/2-1/2

[Event "88th Tata Steel Masters 2026"]
[White "Niemann,Hans Moke"]
[Black "Erdogmus,Yagiz Kaan"]
[Site "Wijk aan Zee"]
[Round "3.6"]
[Annotator "TA"]
[Result "1/2-1/2"]
[Date "2026.01.19"]
[WhiteElo "2725"]
[BlackElo "2658"]
[PlyCount "73"]
[TimeControl "60"]

1. e4 c6 2. d4 d5 3. e5 Bf5 4. Nf3 e6 5. Be2 c5 6. Be3 Nd7 7. O-O Ne7 8. dxc5 {[%emt 0:0:0] B12: Caro-Kann: Advance Variation.} Nc6 9. c4 dxc4 10. Na3 Bxc5 11. Bxc5 Nxc5 12. Nxc4 O-O 13. Qc1 Nd7 {[%emt 0:40:32] Not much happening anymore} 14. Rd1 Be4 15. Qe3 Bd5 16. Rac1 Qb8 $146 ({Predecessor:} 16... Qc7 17. b3 Bxc4 18. Rxc4 Ndxe5 19. Nxe5 Qxe5 20. Qxe5 Nxe5 21. Rc7 Rab8 22. f4 Ng6 23. g3 Rfc8 {1-0 Faizrakhmanov,R (2480)-Macovei,A (2454) Titled Tuesday intern op 07th Dec blitz 2021 (8)} )17. h3 a6 18. Qg5 h6 19. Qg3 Bxc4 20. Rxc4 Ndxe5 21. Nxe5 Qxe5 22. Qxe5 {[%emt 0:0:36] The position is equal.} Nxe5 23. Rc5 Nc6 24. Rd7 Rab8 25. Bf3 Rfd8 26. Bxc6 bxc6 27. Rxd8+ Rxd8 28. Rxc6 $11 {[%emt 0:0:39][%mdl 4096] Endgame KR-KR} Rd1+ 29. Kh2 Rd2 30. Rxa6 {[%emt 0:0:48] Hoping for Ra8+.} Rxb2 31. Kg1 Rb1+ 32. Kh2 Rb2 33. Kg1 Rb1+ 34. Kh2 Rb2 35. Kg1 Rb1+ 36. Kh2 Rb2 37. Kg1 {[%emt 0:0:35] Weighted Error Value: White=0.04 (flawless) /Black=0.03 (flawless)   Inaccurate:     	White=1     	Black=1      OK:         	White=5     	Black=7} 1/2-1/2

[Event "88th Tata Steel Masters 2026"]
[White "Sindarov,Javokhir"]
[Black "Fedoseev,Vladimir"]
[Site "Wijk aan Zee"]
[Round "3.7"]
[Annotator "TA"]
[Result "1/2-1/2"]
[Date "2026.01.19"]
[WhiteElo "2726"]
[BlackElo "2705"]
[PlyCount "58"]
[TimeControl "60"]

1. e4 e5 2. Nf3 Nf6 3. Nxe5 d6 4. Nf3 Nxe4 5. d4 d5 6. Bd3 Bd6 7. O-O O-O 8. c4 c6 9. h3 Bf5 10. Nc3 Nxc3 {[%emt 0:6:3] C42: Petroff Defence: 3 Nxe5 and unusual White 3rd moves.} 11. bxc3 {[%emt 0:1:4] A sharp opening} Bxd3 12. Qxd3 dxc4 13. Qxc4 Nd7 14. Qb3 $146 ({Predecessor:} 14. a4 Qa5 15. Qb3 Nb6 16. Bd2 Qa6 17. Rfb1 Rab8 18. a5 Nc4 19. Ra4 Nxd2 20. Nxd2 {½-½ Davtyan,A (2497)-Divya,D (2372) Abu Dhabi op 29th 2023 (8)} )b6 15. c4 h6 16. a4 Re8 17. Ba3 Bxa3 18. Qxa3 Qc7 19. Rfe1 Nf6 20. a5 Rad8 21. Rxe8+ Rxe8 22. Qa4 Qd7 23. axb6 axb6 24. Rb1 Qc7 {[%emt 0:1:27] The position is equal.} 25. Qb3 Rb8 {[%emt 0:0:40] Not much happening anymore} 26. Qe3 Re8 27. Qb3 Rb8 28. Qe3 Re8 29. Qb3 Rb8 {[%emt 0:0:18] An uneventful encounter.   Weighted Error Value: White=0.07 (flawless) /Black=0.04 (flawless)   Inaccurate:     	White=1     	---        OK:         	White=3     	Black=5} 1/2-1/2

[Event "88th Tata Steel Masters 2026"]
[White "Fedoseev,Vladimir"]
[Black "Van Foreest,Jorden"]
[Site "Wijk aan Zee"]
[Round "4.1"]
[Annotator "TA"]
[Result "1/2-1/2"]
[Date "2026.01.20"]
[WhiteElo "2705"]
[BlackElo "2703"]
[PlyCount "119"]
[TimeControl "60"]

1. d4 {[%emt 0:0:0] Krasenkow,Michal} Nf6 2. c4 g6 3. Nc3 Bg7 4. e4 d6 5. Nf3 O-O 6. Be2 Na6 7. O-O e5 8. Bg5 h6 9. Be3 {[%emt 0:0:0] E94: King's Indian: Classical: 6 Be2 e5 7 0-0: Various Black 7th moves.} Ng4 10. Bc1 exd4 11. Nxd4 {[%emt 0:0:0] White has an edge.} Qf6 12. Bxg4 $146 ({Predecessor:} 12. Nb3 Qh4 13. Bf4 Be5 14. Bxe5 dxe5 15. h3 Nf6 16. Nd2 Rd8 17. Nd5 Nxd5 18. cxd5 {½-½ Gelfand,B (2777)-Naiditsch,A (2718) Tata Steel-A 76th 2014 (4)} )Bxg4 13. Qxg4 Qxd4 14. Qe2 Nc5 15. Rd1 Qe5 16. Be3 Nxe4 17. Nd5 Qxb2 18. Qxb2 Bxb2 19. Rab1 Nc3 20. Nxc3 Bxc3 21. Rxb7 Ba5 22. Bxa7 Rfe8 23. g3 Re2 24. a3 Ra2 25. Rd3 g5 26. Rf3 Re8 27. Kg2 Re4 $1 28. c5 g4 29. Rf5 Re5 30. Rf4 dxc5 31. Rb5 Bb6 32. Bxb6 cxb6 33. Rxb6 $11 {[%emt 0:1:3][%mdl 4096] Endgame KRR-KRR} h5 34. Rb8+ Kg7 35. Rb7 Rxa3 (35... Ra1 $11 {keeps the balance.} )36. Rbxf7+ $16 Kg8 37. R7f5 Rxf5 38. Rxf5 {[%emt 0:0:34] KR-KR} c4 39. Rxh5 Kf7 40. Rg5 (40. Rc5 $16 Ra4 41. f3 )Ke6 {[%emt 0:0:0] The position is equal.} 41. Rxg4 Kd5 42. Rg8 c3 43. h4 Ke4 44. Re8+ Kd3 45. Rd8+ Ke2 46. Re8+ (46. h5 $5 c2 $8 47. Rc8 $11 )Kd2 47. Rd8+ Ke2 48. Rc8 (48. h5 $5 c2 $8 49. Rc8 $11 )Kd2 49. g4 c2 50. g5 Ra4 51. Kg3 Ra3+ 52. Kg2 $1 Ra4 53. f4 Rxf4 54. Kg3 Rf1 55. h5 c1=Q 56. Rxc1 Rxc1 57. h6 Rh1 58. Kf4 Rh4+ 59. Kf5 Ke3 60. Kg6 {[%emt 0:0:8] Weighted Error Value: White=0.07 (flawless) /Black=0.06 (flawless)   Mistake:       	White=1     	Black=1      Inaccurate:     	White=1     	---        OK:         	White=10    	Black=10     Best:        	---       	Black=2      Strong:       	White=1     	Black=1} 1/2-1/2